 Dungeon Crawl Stone Soup version 0.27-a0-1065-ge809cff456 (webtiles) character file.

Game seed: 14460004873813213702

3 1player the Caller (level 1, 0/10 HPs)
             Began as a Tengu Summoner on Apr 22, 2021.
             Slain by a hobgoblin (5 damage)
             ... on level 1 of the Dungeon.
             The game lasted 00:03:09 (553 turns).

1player the Caller (Tengu Summoner)                  Turns: 553, Time: 00:03:09

Health: 0/10       AC:  4    Str:  8    XL:     1   Next: 50%
Magic:  3/4        EV: 12    Int: 15    God:
Gold:   12         SH:  0    Dex: 14    Spells: 3/4 levels left

rFire    . . .     SeeInvis .   f - +0 dagger
rCold    . . .     Faith    .   (no shield)
rNeg     . . .     Spirit   .   a - +0 robe
rPois    .         Reflect  .   (helmet restricted)
rElec    .         Harm     .   (no cloak)
rCorr    .         Rampage  .   c - +1 pair of gloves
Will     .....                  (boots unavailable)
Stlth    ++........             (no amulet)
HPRegen  0.03/turn              (no ring)
MPRegen  0.09/turn              (no ring)

@: no status effects
A: beak, talons 3
a: no special abilities


You were on level 1 of the Dungeon.
You visited 1 branch of the dungeon, and saw 1 of its levels.

You collected 12 gold pieces.

Inventory:

Hand Weapons
 f - a +0 dagger (weapon)
Missiles
 e - 3 curare-tipped darts
Armour
 a - a +0 robe (worn)
 c - a +1 pair of gloves (worn)
Potions
 b - a potion of might {unknown}
 d - a potion of cancellation {unknown}


   Skills:
 + Level 2.3 Dodging
 + Level 2.2 Stealth
 - Level 2.0 Spellcasting
 - Level 4.8 Summonings


You had 3 spell levels left.
You knew the following spells:

 Your Spells              Type           Power      Damage    Failure   Level
z - Summon Small Mammal   Summ           64%        N/A       3%          1

Your spell library contained the following spells:

 Spells                   Type           Power      Damage    Failure   Level
 Call Imp                 Summ           16%        N/A       4%          2
 Call Canine Familiar     Summ           16%        N/A       9%          3
 Summon Guardian Golem    Hex/Summ       8%         N/A       26%         3
 Summon Ice Beast         Ice/Summ       8%         N/A       63%         4
 Summon Lightning Spire   Summ/Air       8%         N/A       63%         4


Dungeon Overview and Level Annotations

Branches:
Dungeon (1/15)

Altars:


Innate Abilities, Weirdness & Mutations

You have a beak for a mouth.
You have claws for feet.


Message History

The hobgoblin completely misses you.
The hobgoblin hits you but does no damage.
Your quokka barely misses the hobgoblin.
Press: ? - help, v - describe, . - travel
Here: a hobgoblin (moderately wounded, ally target)
The floor.
You hit the hobgoblin.
You claw the hobgoblin, but do no damage.
The hobgoblin is heavily wounded.
The hobgoblin hits you.
Ouch! That really hurt!
* * * LOW HITPOINT WARNING * * *
Your quokka bites the hobgoblin.
Your quokka closely misses the hobgoblin.
Your quokka closely misses the hobgoblin.
Your quokka closely misses the hobgoblin.
Your quokka bites the hobgoblin.
Your quokka disappears in a puff of smoke!
The hobgoblin closely misses you.
Casting: Summon Small Mammal (safe; 3% risk of failure)
Confirm with . or Enter, or press ? or * to list all spells.
The hobgoblin hits your rat but does no damage.
Your rat barely misses the hobgoblin.
The hobgoblin hits your rat but does no damage.
Your rat barely misses the hobgoblin.
The hobgoblin closely misses your rat.
Your rat bites the hobgoblin but does no damage.
The hobgoblin closely misses your rat.
Your rat bites the hobgoblin but does no damage.
The hobgoblin hits your rat but does no damage.
Your rat bites the hobgoblin.
The hobgoblin hits your rat.
Your rat dies!
Your rat's corpse disappears in a puff of smoke!
The hobgoblin hits you but does no damage.
You hit the hobgoblin. Your peck misses the hobgoblin.
The hobgoblin is severely wounded.
The hobgoblin hits you.
Ouch! That really hurt!
You die...

........##### ###.r.......##.####
............# #...####.#.........
..#####.....# #.#..#..>#.###...#.
.†# #.....# #.#..#.###.# #.....
..#####.....# #.#..#. #.# #..##.
............# #.#..# ..# #..#
#...........# #.#>.# ### #..#
#...........# #....# ............
#.........#####.@g.##############
#.............#.§......#
#.............#.######.#
#########.....#.# #.# #######.#
#.# #.# #.# #.# #.# #.# #.# #.#
#.#


You could see a hobgoblin.

Vanquished Creatures (collateral kills)
  A goblin (D:1)
  A hobgoblin (D:1)
  A quokka (D:1)
  A ball python (D:1)
  A frilled lizard (D:1)
5 creatures vanquished.

Notes
Turn   | Place    | Note
-------+----------+-------------------------------------------
     0 | D:1      | 1player the Tengu Summoner began the quest for the Orb.
     0 | D:1      | Reached XP level 1. HP: 10/10 MP: 4/4
   553 | D:1      | Slain by a hobgoblin

Illustrated notes

Levels and vault maps discovered:
D:1:      lemuel_arrival_muddy, layout_basic, basic_ecumenical_altar

Action                   || total
-------------------------++-------
Melee: Dagger            ||     3
       Unarmed           ||     3
       Kick              ||     1
 Cast: Summon Small Mamm ||     8
Armor: Robe              ||     2
Dodge: Dodged            ||     4

Table legend: (Time is in decaauts)
 A = Elapsed time spent in this place.
 B = Non-inter-level travel time spent in this place.
 C = Inter-level travel time spent in this place.
 D = Time resting spent in this place.
 E = Time spent auto-exploring this place.
 F = Levels seen in this place.
 G = Mean time per level.
                   A        B        C        D        E       F      G
               +--------+--------+--------+--------+--------+-----+--------+
         Total |    552 |    552 |      0 |     22 |    142 |   1 |  552.0 |
       Dungeon |    552 |    552 |      0 |     22 |    142 |   1 |  552.0 |
               +--------+--------+--------+--------+--------+-----+--------+

Top non-repeatable levels by time:
     D:1: 552 daAuts
